Capitals vs Penguins

Created - February 4 2008 at 18:43

Goals
1 2 3 T
Capitals 3 0 1 4
Penguins 0 0 1 1
Shots
1 2 3 T
Capitals 9 6 10 25
Penguins 7 9 7 23

Period #1

1. Capitals , Alexander Semin 21 (Shaone Morrisonn, Olaf Kolzig) at 1:40 (PP)
2. Capitals , Trent Hunter 9 (Dainius Zubrus, Alexander Semin) at 4:41
3. Capitals , Alexander Ovechkin 20 (David Vyborny, Chris Clark) at 11:31

Penalties :
Bryan Mccabe (PIT) for High sticking (Minor) at 0:39, Dallas Drake (PIT) for Holding (Minor) at 6:34, Alexander Ovechkin (WSH) for Hooking (Minor) at 7:19, Adrian Aucoin (WSH) for Roughing (Minor) at 16:48

Period #2

No Goal

Penalties :
Bryan Muir (WSH) for Holding (Minor) at 6:06, Bryan Muir (WSH) for Elbowing (Minor) at 8:29, Brian Pothier (WSH) for Holding (Minor) at 11:47, Glen Wesley (PIT) for Hooking (Minor) at 19:30

Period #3

4. Penguins , Marian Hossa 20 (Bryan Mccabe, Sidney Crosby) at 3:16
5. Capitals , Chris Clark 18 (Alexander Ovechkin, Shaone Morrisonn) at 7:05

Penalties :
Brian Sutherby (WSH) for High sticking (Minor) at 8:02, Brooks Orpik (PIT) for Hooking (Minor) at 12:38, Mark Bell (PIT) for High sticking (Minor) at 17:08, Dainius Zubrus (WSH) for Hooking (Minor) at 19:20

Goalie Stats

Olaf Kolzig (WSH), 22 saves from 23 shots - (0.957), W, 10-1-0, 60:00 minutes
Ed Belfour (PIT), 21 saves from 25 shots - (0.840), L, 4-4-0, 60:00 minutes

Players Stats

Capitals
Player Name              G  A  P  +/- PIM S  H  SB FO MP 
-----------------------------------------------------------
Adrian Aucoin            0  0  0   0  2   0  1  1  0  19 
Alexander Ovechkin       1  1  2   1  2   2  1  0  3  22 
Alexander Semin          1  1  2   1  0   5  0  1  2  16 
Ben Clymer               0  0  0   1  0   0  1  1  0  19 
Brian Pothier            0  0  0   1  2   0  1  2  0  21 
Brian Sutherby           0  0  0   0  2   1  1  0  17 18 
Bryan Muir               0  0  0   1  4   0  1  0  0  17 
Chris Clark              1  1  2   1  0   2  2  1  1  16 
Dainius Zubrus           0  1  1   1  2   4  0  1  29 21 
David Vyborny            0  1  1   1  0   2  0  0  24 21 
Jeff Schultz             0  0  0   0  0   0  0  1  0  19 
Kris Beech               0  0  0   0  0   0  0  0  2  10 
Matt Pettinger           0  0  0   0  0   2  0  0  0  10 
Richard Zednik           0  0  0   0  0   2  0  0  2  18 
Ryane Clowe              0  0  0   0  0   2  0  0  1  15 
Shaone Morrisonn         0  2  2   1  0   0  0  2  0  23 
Steve Eminger            0  0  0   0  0   0  1  0  0  8  
Trent Hunter             1  0  1   1  0   3  1  0  0  13 
Penguins
Player Name              G  A  P  +/- PIM S  H  SB FO MP 
-----------------------------------------------------------
Brooks Orpik             0  0  0  -1  2   0  0  0  0  18 
Bryan Mccabe             0  1  1  -1  2   0  9  2  0  24 
Christian Backman        0  0  0  -1  0   0  0  0  0  19 
Dallas Drake             0  0  0  -2  2   0  0  0  0  7  
Dominic Moore            0  0  0  -1  0   1  0  1  2  17 
Evgeni Malkin            0  0  0   0  0   4  0  0  25 21 
Glen Wesley              0  0  0   0  2   1  1  1  0  20 
Jarkko Ruutu             0  0  0  -2  0   1  0  0  9  7  
Jere Lehtinen            0  0  0   0  0   4  0  0  2  21 
Josef Melichar           0  0  0   0  0   0  0  0  0  21 
Kris Draper              0  0  0  -1  0   0  0  0  12 17 
Marian Hossa             1  0  1   1  0   5  0  0  8  19 
Mark Bell                0  0  0   0  2   0  3  1  1  16 
Mark Parrish             0  0  0  -1  0   2  0  0  0  17 
Martin Lapointe          0  0  0  -2  0   0  0  0  0  7  
Scott Hannan             0  0  0  -1  0   2  1  2  0  24 
Sidney Crosby            0  1  1   1  0   3  1  0  21 19 
Taylor Pyatt             0  0  0   1  0   0  1  0  1  16 

3 Stars

1 - Chris Clark (WSH)
2 - Alexander Ovechkin (WSH)
3 - Alexander Semin (WSH)

Power Play

Capitals - 1 on 5 Attempt(s) - 20.00%
Penguins - 0 on 7 Attempt(s) - 0.00%

Penalty Kill

Capitals - 7 on 7 Attempt(s) - 100.00% - Score 0 goal in Penalty Kill
Penguins - 4 on 5 Attempt(s) - 80.00% - Score 0 goal in Penalty Kill

Game Notes

No Game Note

Finance

Level 1 -- Attendance: 4302 (81.17%) -- Ticket Income $400,086.00
Level 2 -- Attendance: 4395 (87.50%) -- Ticket Income $241,725.00
Level 3 -- Attendance: 1738 (86.90%) -- Ticket Income $57,354.00
Level 4 -- Attendance: 3611 (90.28%) -- Ticket Income $61,387.00
Luxury Box -- Attendance: 845 (84.50%) -- Ticket Income $156,325.00
Game was played at the Mellon Arena
Total Attendance: 14891 (85.96%)
Total Ticket Income: $1,007,147.00
Other Income: $156,414.30
Total Income: $1,163,561.00


Play by Play

Period #1

0:01 of 1st period - Sidney Crosby wins face-off versus Alexander Ovechkin in neutral zone.
0:32 of 1st period - Shot by Marian Hossa.
0:32 of 1st period - Shot Blocked by Shaone Morrisonn.
0:39 of 1st period - Minor Penalty to Bryan Mccabe for High sticking.
0:40 of 1st period - David Vyborny wins face-off versus Evgeni Malkin in Penguins zone.
0:47 of 1st period - Shot by David Vyborny.
0:47 of 1st period - Stopped by Ed Belfour without a rebound.
0:48 of 1st period - Evgeni Malkin wins face-off versus David Vyborny in Penguins zone.
1:40 of 1st period - Shot by Alexander Semin.
1:40 of 1st period - Goal by Alexander Semin - Capitals : 1 - Penguins : 0.
1:41 of 1st period - Alexander Semin wins face-off versus Kris Draper in neutral zone.
3:04 of 1st period - Icing by Richard Zednik.
3:05 of 1st period - Brian Sutherby wins face-off versus Evgeni Malkin in Capitals zone.
3:05 of 1st period - Brian Sutherby is hit by Mark Bell.
3:57 of 1st period - Shot by Alexander Ovechkin.
3:57 of 1st period - Shot Blocked by Mark Bell.
4:15 of 1st period - Shot by Alexander Semin.
4:15 of 1st period - Stopped by Ed Belfour without a rebound.
4:16 of 1st period - Jarkko Ruutu wins face-off versus Dainius Zubrus in Penguins zone.
4:37 of 1st period - Shot by Alexander Semin.
4:37 of 1st period - Shot Misses the Net.
4:39 of 1st period - Shot by Dainius Zubrus.
4:39 of 1st period - Shot Blocked by Scott Hannan.
4:41 of 1st period - Shot by Trent Hunter.
4:41 of 1st period - Goal by Trent Hunter - Capitals : 2 - Penguins : 0.
4:42 of 1st period - Kris Draper wins face-off versus Brian Sutherby in neutral zone.
5:26 of 1st period - Mark Parrish is hit by Brian Sutherby and loses puck.
5:59 of 1st period - Shot by Marian Hossa.
5:59 of 1st period - Deflect By Sidney Crosby.
5:59 of 1st period - Stopped by Olaf Kolzig with a rebound.
6:01 of 1st period - Shot by Taylor Pyatt.
6:01 of 1st period - Shot Misses the Net.
6:05 of 1st period - Shot by Marian Hossa.
6:05 of 1st period - Deflect By Sidney Crosby.
6:05 of 1st period - Shot Blocked by Chris Clark.
6:07 of 1st period - Shot by Marian Hossa.
6:07 of 1st period - Stopped by Olaf Kolzig without a rebound.
6:08 of 1st period - Dainius Zubrus wins face-off versus Evgeni Malkin in Capitals zone.
6:08 of 1st period - Dainius Zubrus is hit by Mark Bell.
6:23 of 1st period - Shot by Alexander Semin.
6:23 of 1st period - Stopped by Ed Belfour without a rebound.
6:24 of 1st period - Jarkko Ruutu wins face-off versus Dainius Zubrus in Penguins zone.
6:34 of 1st period - Minor Penalty to Dallas Drake for Holding.
6:35 of 1st period - David Vyborny wins face-off versus Evgeni Malkin in neutral zone.
7:19 of 1st period - Minor Penalty to Alexander Ovechkin for Hooking.
7:20 of 1st period - Dainius Zubrus wins face-off versus Marian Hossa in Penguins zone.
7:51 of 1st period - Shot by Sidney Crosby.
7:51 of 1st period - Stopped by Olaf Kolzig without a rebound.
7:52 of 1st period - Evgeni Malkin wins face-off versus David Vyborny in Capitals zone.
8:02 of 1st period - Icing by David Vyborny.
8:03 of 1st period - Evgeni Malkin wins face-off versus David Vyborny in Capitals zone.
8:27 of 1st period - Icing by Josef Melichar.
8:28 of 1st period - Dainius Zubrus wins face-off versus Evgeni Malkin in Penguins zone.
9:13 of 1st period - Shot by Marian Hossa.
9:13 of 1st period - Shot Misses the Net.
9:26 of 1st period - Icing by Jeff Schultz.
9:27 of 1st period - Kris Draper wins face-off versus Brian Sutherby in Capitals zone.
9:48 of 1st period - Shot by Richard Zednik.
9:48 of 1st period - Shot Blocked by Dominic Moore.
10:00 of 1st period - Shot by Mark Parrish.
10:00 of 1st period - Shot Misses the Net.
10:02 of 1st period - Shot by Dominic Moore.
10:02 of 1st period - Shot Blocked by Jeff Schultz.
10:04 of 1st period - Shot by Dominic Moore.
10:04 of 1st period - Shot Misses the Net.
10:06 of 1st period - Shot by Kris Draper.
10:06 of 1st period - Shot Blocked by Adrian Aucoin.
10:08 of 1st period - Shot by Kris Draper.
10:08 of 1st period - Shot Misses the Net.
10:55 of 1st period - Shot by Jere Lehtinen.
10:55 of 1st period - Stopped by Olaf Kolzig without a rebound.
10:56 of 1st period - Dainius Zubrus wins face-off versus Sidney Crosby in Capitals zone.
11:07 of 1st period - Shot by Dainius Zubrus.
11:07 of 1st period - Shot Blocked by Bryan Mccabe.
11:11 of 1st period - Shot by Dainius Zubrus.
11:11 of 1st period - Stopped by Ed Belfour with a rebound.
11:13 of 1st period - Shot by Bryan Muir.
11:13 of 1st period - Shot Misses the Net.
11:17 of 1st period - Shot by Alexander Semin.
11:17 of 1st period - Shot Blocked by Bryan Mccabe.
11:19 of 1st period - Shot by Bryan Muir.
11:19 of 1st period - Shot Misses the Net.
11:21 of 1st period - Shot by Dainius Zubrus.
11:21 of 1st period - Stopped by Ed Belfour without a rebound.
11:22 of 1st period - David Vyborny wins face-off versus Jarkko Ruutu in Penguins zone.
11:23 of 1st period - Shot by Alexander Ovechkin.
11:23 of 1st period - Shot Blocked by Scott Hannan.
11:27 of 1st period - Shot by Alexander Ovechkin.
11:27 of 1st period - Shot Hit the Post.
11:29 of 1st period - Shot by David Vyborny.
11:29 of 1st period - Shot Misses the Net.
11:31 of 1st period - Shot by Alexander Ovechkin.
11:31 of 1st period - Goal by Alexander Ovechkin - Capitals : 3 - Penguins : 0.
11:32 of 1st period - Kris Draper wins face-off versus David Vyborny in neutral zone.
12:58 of 1st period - Shot by Jere Lehtinen.
12:58 of 1st period - Stopped by Olaf Kolzig without a rebound.
12:59 of 1st period - Brian Sutherby wins face-off versus Sidney Crosby in Capitals zone.
13:09 of 1st period - Richard Zednik is hit by Bryan Mccabe and loses puck.
13:20 of 1st period - Shot by Ryane Clowe.
13:20 of 1st period - Shot Misses the Net.
13:27 of 1st period - Richard Zednik is hit by Bryan Mccabe.
13:36 of 1st period - Richard Zednik is hit by Scott Hannan and loses puck.
14:13 of 1st period - Shot by Trent Hunter.
14:13 of 1st period - Stopped by Ed Belfour with a rebound.
14:47 of 1st period - Icing by Ben Clymer.
14:48 of 1st period - Dainius Zubrus wins face-off versus Evgeni Malkin in Capitals zone.
14:48 of 1st period - Dainius Zubrus is hit by Mark Bell.
15:10 of 1st period - Icing by Bryan Muir.
15:11 of 1st period - Jarkko Ruutu wins face-off versus David Vyborny in Capitals zone.
16:00 of 1st period - Adrian Aucoin is hit by Bryan Mccabe and loses puck.
16:32 of 1st period - Jere Lehtinen is hit by Adrian Aucoin and loses puck.
16:36 of 1st period - Icing by Adrian Aucoin.
16:37 of 1st period - Brian Sutherby wins face-off versus Kris Draper in Capitals zone.
16:48 of 1st period - Minor Penalty to Adrian Aucoin for Roughing.
16:49 of 1st period - Evgeni Malkin wins face-off versus Dainius Zubrus in Capitals zone.
17:40 of 1st period - Shot by Marian Hossa.
17:40 of 1st period - Stopped by Olaf Kolzig without a rebound.
17:41 of 1st period - Brian Sutherby wins face-off versus Sidney Crosby in Capitals zone.
17:56 of 1st period - Shot by Sidney Crosby.
17:56 of 1st period - Shot Misses the Net.
17:58 of 1st period - Shot by Scott Hannan.
17:58 of 1st period - Stopped by Olaf Kolzig without a rebound.
17:59 of 1st period - Alexander Ovechkin wins face-off versus Sidney Crosby in Capitals zone.
18:14 of 1st period - Icing by Bryan Mccabe.
18:15 of 1st period - Brian Sutherby wins face-off versus Sidney Crosby in Penguins zone.
18:32 of 1st period - Icing by Bryan Mccabe.
18:33 of 1st period - Dainius Zubrus wins face-off versus Sidney Crosby in Penguins zone.
18:33 of 1st period - Dainius Zubrus is hit by Bryan Mccabe.
19:19 of 1st period - Icing by Shaone Morrisonn.
19:20 of 1st period - David Vyborny wins face-off versus Evgeni Malkin in Capitals zone.
19:22 of 1st period - Icing by Alexander Ovechkin.
19:23 of 1st period - Evgeni Malkin wins face-off versus David Vyborny in Capitals zone.
19:30 of 1st period - Shot by Mark Bell.
19:30 of 1st period - Shot Misses the Net.
19:34 of 1st period - Shot by Evgeni Malkin.
19:34 of 1st period - Shot Misses the Net.
19:39 of 1st period - Icing by Alexander Ovechkin.
19:40 of 1st period - David Vyborny wins face-off versus Kris Draper in Capitals zone.

Period #2

0:01 of 2nd period - Sidney Crosby wins face-off versus David Vyborny in neutral zone.
0:25 of 2nd period - Marian Hossa is hit by Ben Clymer and loses puck.
0:40 of 2nd period - Shot by Marian Hossa.
0:40 of 2nd period - Stopped by Olaf Kolzig without a rebound.
0:41 of 2nd period - Evgeni Malkin wins face-off versus Dainius Zubrus in Capitals zone.
0:44 of 2nd period - Shot by Evgeni Malkin.
0:44 of 2nd period - Shot Misses the Net.
0:48 of 2nd period - Shot by Evgeni Malkin.
0:48 of 2nd period - Shot Misses the Net.
0:52 of 2nd period - Shot by Jere Lehtinen.
0:52 of 2nd period - Shot Misses the Net.
0:54 of 2nd period - Shot by Jere Lehtinen.
0:54 of 2nd period - Shot Blocked by Dainius Zubrus.
0:58 of 2nd period - Shot by Evgeni Malkin.
0:58 of 2nd period - Shot Blocked by Alexander Semin.
1:19 of 2nd period - Evgeni Malkin is hit by Bryan Muir and loses puck.
1:25 of 2nd period - Icing by Trent Hunter.
1:26 of 2nd period - Dominic Moore wins face-off versus Dainius Zubrus in Capitals zone.
2:13 of 2nd period - Shot by Ryane Clowe.
2:13 of 2nd period - Shot Misses the Net.
2:29 of 2nd period - Shot by Sidney Crosby.
2:29 of 2nd period - Stopped by Olaf Kolzig without a rebound.
2:30 of 2nd period - Jarkko Ruutu wins face-off versus David Vyborny in Capitals zone.
2:41 of 2nd period - Martin Lapointe is hit by Chris Clark and loses puck.
2:45 of 2nd period - Icing by Scott Hannan.
2:46 of 2nd period - Jarkko Ruutu wins face-off versus Alexander Ovechkin in Penguins zone.
4:33 of 2nd period - Shot by Ryane Clowe.
4:33 of 2nd period - Stopped by Ed Belfour without a rebound.
4:34 of 2nd period - Brian Sutherby wins face-off versus Kris Draper in Penguins zone.
5:16 of 2nd period - Shot by Kris Draper.
5:16 of 2nd period - Shot Misses the Net.
5:52 of 2nd period - Shot by David Vyborny.
5:52 of 2nd period - Stopped by Ed Belfour without a rebound.
5:53 of 2nd period - Dainius Zubrus wins face-off versus Jarkko Ruutu in Penguins zone.
5:58 of 2nd period - Shot by Trent Hunter.
5:58 of 2nd period - Stopped by Ed Belfour without a rebound.
5:59 of 2nd period - Sidney Crosby wins face-off versus Dainius Zubrus in Penguins zone.
5:59 of 2nd period - Sidney Crosby is hit by Trent Hunter.
6:06 of 2nd period - Minor Penalty to Bryan Muir for Holding.
6:07 of 2nd period - Sidney Crosby wins face-off versus Brian Sutherby in Capitals zone.
6:11 of 2nd period - Sidney Crosby is hit by Brian Pothier and loses puck.
8:29 of 2nd period - Minor Penalty to Bryan Muir for Elbowing.
8:30 of 2nd period - Dainius Zubrus wins face-off versus Evgeni Malkin in Capitals zone.
9:48 of 2nd period - Icing by Mark Bell.
9:49 of 2nd period - Dainius Zubrus wins face-off versus Evgeni Malkin in Penguins zone.
11:30 of 2nd period - Shot by Richard Zednik.
11:30 of 2nd period - Stopped by Ed Belfour with a rebound.
11:32 of 2nd period - Shot by Brian Sutherby.
11:32 of 2nd period - Stopped by Ed Belfour without a rebound.
11:33 of 2nd period - Sidney Crosby wins face-off versus Dainius Zubrus in Penguins zone.
11:47 of 2nd period - Minor Penalty to Brian Pothier for Holding.
11:48 of 2nd period - Dainius Zubrus wins face-off versus Evgeni Malkin in Capitals zone.
12:07 of 2nd period - Shot by Evgeni Malkin.
12:07 of 2nd period - Stopped by Olaf Kolzig without a rebound.
12:08 of 2nd period - Sidney Crosby wins face-off versus Brian Sutherby in Capitals zone.
12:21 of 2nd period - Dainius Zubrus is hit by Taylor Pyatt and loses puck.
12:51 of 2nd period - Icing by Jere Lehtinen.
12:52 of 2nd period - Evgeni Malkin wins face-off versus Brian Sutherby in Penguins zone.
12:52 of 2nd period - Evgeni Malkin is hit by Alexander Ovechkin.
13:01 of 2nd period - Evgeni Malkin is hit by Steve Eminger and loses puck.
13:08 of 2nd period - Shot by Glen Wesley.
13:08 of 2nd period - Stopped by Olaf Kolzig without a rebound.
13:09 of 2nd period - Brian Sutherby wins face-off versus Marian Hossa in Capitals zone.
13:22 of 2nd period - Shot by Marian Hossa.
13:22 of 2nd period - Shot Misses the Net.
14:03 of 2nd period - Shot by David Vyborny.
14:03 of 2nd period - Shot Misses the Net.
14:49 of 2nd period - Shot by Martin Lapointe.
14:49 of 2nd period - Shot Misses the Net.
15:47 of 2nd period - Shot by Evgeni Malkin.
15:47 of 2nd period - Stopped by Olaf Kolzig without a rebound.
15:48 of 2nd period - Sidney Crosby wins face-off versus Brian Sutherby in Capitals zone.
16:37 of 2nd period - Shot by Christian Backman.
16:37 of 2nd period - Shot Misses the Net.
16:39 of 2nd period - Shot by Kris Draper.
16:39 of 2nd period - Deflect By Mark Parrish.
16:39 of 2nd period - Stopped by Olaf Kolzig with a rebound.
16:41 of 2nd period - Shot by Dominic Moore.
16:41 of 2nd period - Stopped by Olaf Kolzig without a rebound.
16:42 of 2nd period - Evgeni Malkin wins face-off versus Dainius Zubrus in Capitals zone.
16:53 of 2nd period - Shot by Dainius Zubrus.
16:53 of 2nd period - Stopped by Ed Belfour without a rebound.
16:54 of 2nd period - David Vyborny wins face-off versus Jere Lehtinen in Penguins zone.
16:54 of 2nd period - David Vyborny is hit by Glen Wesley.
16:58 of 2nd period - Shot by David Vyborny.
16:58 of 2nd period - Shot Blocked by Glen Wesley.
17:13 of 2nd period - Shot by Jere Lehtinen.
17:13 of 2nd period - Shot Misses the Net.
17:19 of 2nd period - Shot by Jere Lehtinen.
17:19 of 2nd period - Stopped by Olaf Kolzig with a rebound.
17:23 of 2nd period - Shot by Jere Lehtinen.
17:23 of 2nd period - Stopped by Olaf Kolzig without a rebound.
17:24 of 2nd period - Dominic Moore wins face-off versus Dainius Zubrus in Capitals zone.
18:15 of 2nd period - Trent Hunter is hit by Bryan Mccabe and loses puck.
18:19 of 2nd period - Icing by Scott Hannan.
18:20 of 2nd period - Sidney Crosby wins face-off versus Brian Sutherby in Penguins zone.
19:30 of 2nd period - Minor Penalty to Glen Wesley for Hooking.
19:31 of 2nd period - David Vyborny wins face-off versus Evgeni Malkin in Penguins zone.

Period #3

0:01 of 3rd period - Marian Hossa wins face-off versus David Vyborny in neutral zone.
0:19 of 3rd period - Icing by Shaone Morrisonn.
0:20 of 3rd period - Alexander Semin wins face-off versus Marian Hossa in Capitals zone.
0:50 of 3rd period - Shot by Alexander Semin.
0:50 of 3rd period - Stopped by Ed Belfour without a rebound.
0:51 of 3rd period - David Vyborny wins face-off versus Sidney Crosby in Penguins zone.
1:38 of 3rd period - Shot by Richard Zednik.
1:38 of 3rd period - Stopped by Ed Belfour without a rebound.
1:39 of 3rd period - Dainius Zubrus wins face-off versus Kris Draper in Penguins zone.
2:12 of 3rd period - Shot by Dainius Zubrus.
2:12 of 3rd period - Shot Misses the Net.
2:16 of 3rd period - Shot by Alexander Semin.
2:16 of 3rd period - Shot Misses the Net.
2:50 of 3rd period - Shot by Evgeni Malkin.
2:50 of 3rd period - Stopped by Olaf Kolzig without a rebound.
2:51 of 3rd period - David Vyborny wins face-off versus Taylor Pyatt in Capitals zone.
3:16 of 3rd period - Shot by Marian Hossa.
3:16 of 3rd period - Goal by Marian Hossa - Capitals : 3 - Penguins : 1.
3:17 of 3rd period - Mark Bell wins face-off versus Dainius Zubrus in neutral zone.
3:56 of 3rd period - Icing by Trent Hunter.
3:57 of 3rd period - Dainius Zubrus wins face-off versus Sidney Crosby in Capitals zone.
3:59 of 3rd period - Icing by Trent Hunter.
4:00 of 3rd period - Dainius Zubrus wins face-off versus Sidney Crosby in Capitals zone.
4:26 of 3rd period - Icing by Ryane Clowe.
4:27 of 3rd period - Brian Sutherby wins face-off versus Kris Draper in Capitals zone.
4:43 of 3rd period - Shot by Mark Parrish.
4:43 of 3rd period - Stopped by Olaf Kolzig without a rebound.
4:44 of 3rd period - Evgeni Malkin wins face-off versus David Vyborny in Capitals zone.
5:05 of 3rd period - Shot by Jere Lehtinen.
5:05 of 3rd period - Shot Misses the Net.
5:21 of 3rd period - Shot by Alexander Ovechkin.
5:21 of 3rd period - Stopped by Ed Belfour with a rebound.
5:25 of 3rd period - Shot by Chris Clark.
5:25 of 3rd period - Stopped by Ed Belfour without a rebound.
5:26 of 3rd period - Sidney Crosby wins face-off versus Brian Sutherby in Penguins zone.
5:44 of 3rd period - Richard Zednik is hit by Bryan Mccabe and loses puck.
6:03 of 3rd period - Shot by Ryane Clowe.
6:03 of 3rd period - Stopped by Ed Belfour without a rebound.
6:04 of 3rd period - Dainius Zubrus wins face-off versus Kris Draper in Penguins zone.
6:40 of 3rd period - Icing by Dominic Moore.
6:41 of 3rd period - David Vyborny wins face-off versus Kris Draper in Penguins zone.
6:44 of 3rd period - Shot by Alexander Ovechkin.
6:44 of 3rd period - Shot Misses the Net.
6:46 of 3rd period - Shot by Shaone Morrisonn.
6:46 of 3rd period - Shot Misses the Net.
6:57 of 3rd period - Shot by David Vyborny.
6:57 of 3rd period - Shot Misses the Net.
6:59 of 3rd period - Shot by Shaone Morrisonn.
6:59 of 3rd period - Shot Misses the Net.
7:01 of 3rd period - Shot by Chris Clark.
7:01 of 3rd period - Shot Misses the Net.
7:03 of 3rd period - Shot by Alexander Ovechkin.
7:03 of 3rd period - Shot Misses the Net.
7:05 of 3rd period - Shot by Chris Clark.
7:05 of 3rd period - Goal by Chris Clark - Capitals : 4 - Penguins : 1.
7:06 of 3rd period - Sidney Crosby wins face-off versus Richard Zednik in neutral zone.
7:31 of 3rd period - Shot by Taylor Pyatt.
7:31 of 3rd period - Shot Misses the Net.
7:33 of 3rd period - Shot by Bryan Mccabe.
7:33 of 3rd period - Shot Misses the Net.
8:02 of 3rd period - Minor Penalty to Brian Sutherby for High sticking.
8:03 of 3rd period - Jere Lehtinen wins face-off versus Dainius Zubrus in neutral zone.
8:14 of 3rd period - Shot by Jere Lehtinen.
8:14 of 3rd period - Shot Blocked by Brian Pothier.
8:16 of 3rd period - Shot by Jere Lehtinen.
8:16 of 3rd period - Shot Misses the Net.
8:22 of 3rd period - Shot by Evgeni Malkin.
8:22 of 3rd period - Shot Blocked by Shaone Morrisonn.
8:24 of 3rd period - Shot by Evgeni Malkin.
8:24 of 3rd period - Shot Misses the Net.
8:46 of 3rd period - Shot by Evgeni Malkin.
8:46 of 3rd period - Shot Blocked by Brian Pothier.
8:48 of 3rd period - Shot by Josef Melichar.
8:48 of 3rd period - Shot Misses the Net.
9:34 of 3rd period - Alexander Ovechkin is hit by Sidney Crosby and loses puck.
9:54 of 3rd period - Shot by Evgeni Malkin.
9:54 of 3rd period - Shot Misses the Net.
9:58 of 3rd period - Shot by Evgeni Malkin.
9:58 of 3rd period - Shot Misses the Net.
10:00 of 3rd period - Shot by Glen Wesley.
10:00 of 3rd period - Shot Misses the Net.
10:22 of 3rd period - Shot by Dominic Moore.
10:22 of 3rd period - Shot Misses the Net.
10:54 of 3rd period - Icing by Jeff Schultz.
10:55 of 3rd period - Jarkko Ruutu wins face-off versus Ryane Clowe in Capitals zone.
11:20 of 3rd period - Shot by Scott Hannan.
11:20 of 3rd period - Stopped by Olaf Kolzig without a rebound.
11:21 of 3rd period - Dainius Zubrus wins face-off versus Evgeni Malkin in Capitals zone.
11:23 of 3rd period - Icing by Alexander Semin.
11:24 of 3rd period - Dainius Zubrus wins face-off versus Evgeni Malkin in Capitals zone.
11:53 of 3rd period - Shot by Evgeni Malkin.
11:53 of 3rd period - Stopped by Olaf Kolzig without a rebound.
11:54 of 3rd period - Kris Draper wins face-off versus David Vyborny in Capitals zone.
12:38 of 3rd period - Minor Penalty to Brooks Orpik for Hooking.
12:39 of 3rd period - David Vyborny wins face-off versus Marian Hossa in Penguins zone.
13:08 of 3rd period - Shot by Chris Clark.
13:08 of 3rd period - Shot Misses the Net.
14:43 of 3rd period - Shot by Alexander Semin.
14:43 of 3rd period - Shot Misses the Net.
15:07 of 3rd period - Shot by Dainius Zubrus.
15:07 of 3rd period - Stopped by Ed Belfour without a rebound.
15:08 of 3rd period - Sidney Crosby wins face-off versus Brian Sutherby in Penguins zone.
15:21 of 3rd period - Shot by Marian Hossa.
15:21 of 3rd period - Stopped by Olaf Kolzig without a rebound.
15:22 of 3rd period - Jarkko Ruutu wins face-off versus David Vyborny in Capitals zone.
15:35 of 3rd period - Shot by Jarkko Ruutu.
15:35 of 3rd period - Stopped by Olaf Kolzig with a rebound.
16:18 of 3rd period - Brooks Orpik is hit by Chris Clark and loses puck.
16:35 of 3rd period - Shot by Mark Parrish.
16:35 of 3rd period - Shot Blocked by Ben Clymer.
16:39 of 3rd period - Shot by Christian Backman.
16:39 of 3rd period - Shot Misses the Net.
17:08 of 3rd period - Minor Penalty to Mark Bell for High sticking.
17:09 of 3rd period - Evgeni Malkin wins face-off versus Dainius Zubrus in neutral zone.
17:19 of 3rd period - Icing by Richard Zednik.
17:20 of 3rd period - Marian Hossa wins face-off versus Dainius Zubrus in Capitals zone.
17:21 of 3rd period - Shot by Sidney Crosby.
17:21 of 3rd period - Deflect By Marian Hossa.
17:21 of 3rd period - Shot Misses the Net.
17:35 of 3rd period - Shot by Matt Pettinger.
17:35 of 3rd period - Stopped by Ed Belfour with a rebound.
17:38 of 3rd period - Matt Pettinger is hit by Bryan Mccabe and loses puck.
17:53 of 3rd period - Shot by Dainius Zubrus.
17:53 of 3rd period - Shot Misses the Net.
17:55 of 3rd period - Shot by Matt Pettinger.
17:55 of 3rd period - Stopped by Ed Belfour without a rebound.
17:56 of 3rd period - Kris Beech wins face-off versus Evgeni Malkin in Penguins zone.
18:10 of 3rd period - Off-side.
18:11 of 3rd period - Kris Beech wins face-off versus Marian Hossa in neutral zone.
18:42 of 3rd period - Shot by Alexander Semin.
18:42 of 3rd period - Stopped by Ed Belfour without a rebound.
18:43 of 3rd period - Chris Clark wins face-off versus Marian Hossa in Penguins zone.
18:43 of 3rd period - Matt Pettinger is hit by Bryan Mccabe and loses puck.
18:53 of 3rd period - David Vyborny is hit by Bryan Mccabe.
19:02 of 3rd period - Icing by Matt Pettinger.
19:03 of 3rd period - Evgeni Malkin wins face-off versus David Vyborny in Capitals zone.
19:20 of 3rd period - Minor Penalty to Dainius Zubrus for Hooking.
19:21 of 3rd period - Sidney Crosby wins face-off versus Richard Zednik in Penguins zone.


Output by the SimonT Hockey Simulator (STHS) for Stephane Roy -- Original Page W3C XHTML 1.0 Valid